Map: Crimson Court LE

Players

Spazymazy

  • Race: Zerg Zerg
  • League: Master
  • Spawn Location: 7:00

ShoWTimE - Winner!

  • Race: Protoss Protoss
  • League: Master
  • Spawn Location: 1:00

Event: HomeStory Cup XXV

VOD

Have the link to the VOD?

Description

Time

  • Played on: June 22, 2024, 8:55 a.m.
  • Length: 8:10

All games in this series

Show
View Real Time Build Order
Export as new Build Order

Spazymazy Zerg 

Build Orders: Hatch First 

Get SALT Encoding   

  12  0:00  Drone  
  13  0:12  Overlord  
  13  0:16  Drone  
  14  0:30  Drone x2  
  16  0:47  Hatchery  
  15  0:50  Drone  
  15  0:54  Drone  
  17  1:04  Extractor  
  17  1:09  Spawning Pool  
  15  1:13  Drone  
  15  1:16  Drone  
  17  1:20  Drone  
  18  1:28  Drone  
  19  1:37  Overlord  
  19  1:50  Drone  
  20  1:56  Queen  
  20  1:59  Queen  
  20  2:00  Zergling x2  
  25  2:04  Zergling x2  
  26  2:11  Metabolic Boost  
  26  2:15  Drone  
  27  2:18  Drone  
  28  2:23  Drone  
  28  2:26  Drone  
  30  2:40  Hatchery  
  28  2:48  Overlord  
  28  2:49  Overlord  
  28  2:52  Drone  
  28  2:54  Drone  
  28  2:57  Drone  
  30  2:59  Drone  
  30  3:05  Drone x3  
  34  3:11  Zergling x4  
  36  3:13  Drone  
  36  3:14  Drone  
  36  3:18  Drone x2  
  40  3:25  Drone  
  41  3:30  Drone  
  41  3:34  Drone, Queen  
  43  3:37  Spore Crawler x2  
  43  3:41  Queen  
  45  3:53  Queen  
  45  3:54  Drone x2, Evolution Chamber  
  45  3:55  Drone  
  49  3:57  Drone  
  49  4:01  Drone x2  
  50  4:03  Drone  
  51  4:10  Spore Crawler, Overlord  
  49  4:18  Drone x2  
  50  4:25  Zerg Missile Weapons Level 1  
  50  4:26  Overlord  
  50  4:30  Drone x2  
  50  4:31  Drone x4  
  56  4:35  Drone  
  56  4:38  Lair  
  56  4:47  Drone x4  
  56  4:52  Roach Warren, Zergling x4  
  54  5:04  Drone x4  
  55  5:07  Drone  
  55  5:09  Drone  
  55  5:10  Drone x3  
  55  5:14  Drone x2  
  61  5:16  Drone  
  59  5:22  Drone x3  
  59  5:25  Drone x2  
  59  5:27  Drone  
  62  5:30  Drone  
  62  5:35  Glial Reconstitution  
  63  5:37  Extractor  
  63  5:38  Extractor  
  63  5:40  Drone x2  
  63  5:41  Drone  
  64  5:46  Drone  
  64  5:47  Overlord x2  
  64  5:49  Overlord  
  64  5:51  Overlord  
  64  5:56  Extractor  
  63  5:57  Overlord  
  63  5:59  Overlord  
  63  6:05  Drone x2  
  63  6:06  Drone  
  63  6:08  Hydralisk Den  
  63  6:10  Drone  
  63  6:11  Drone x6  
  69  6:14  Extractor x2  
  68  6:27  Drone  
  68  6:28  Drone x2  
  68  6:30  Drone x5  
  68  6:31  Drone  
  68  6:32  Queen  
  77  6:41  Hatchery  
  77  6:44  Roach x2  
  79  6:48  Roach x3  
  79  6:51  Roach  
  79  6:53  Roach  
  88  6:56  Roach x2  
  88  6:59  Roach  
  94  7:02  Roach x2  
  88  7:10  Roach x4  
  88  7:14  Overlord  
  91  7:21  Roach  
  91  7:22  Roach x2  
  87  7:29  Roach x2  
  83  7:38  Roach  
  85  7:47  Roach x2  
  85  7:51  Roach  
  92  8:02  Ravager  
Show
View Real Time Build Order
Export as new Build Order

ShoWTimE Protoss - Winner!

Build Orders: 1 Gate Expand, Oracle Opening 

Get SALT Encoding   

  12  0:00  Probe  
  13  0:12  Probe  
  14  0:18  Pylon  
  14  0:24  Probe  
  15  0:37  Probe (Chrono Boost)  
  15  0:38  Gateway  
  16  0:45  Probe (Chrono Boost)  
  16  0:46  Assimilator  
  17  0:51  Probe  
  18  1:03  Probe  
  19  1:15  Probe  
  20  1:22  Nexus  
  20  1:31  Cybernetics Core  
  20  1:34  Probe  
  21  1:42  Assimilator  
  21  1:46  Probe  
  22  1:50  Pylon  
  22  1:58  Probe  
  23  2:08  Adept (Chrono Boost)  
  23  2:11  Probe  
  26  2:20  Stargate  
  26  2:23  Probe  
  27  2:30  Adept  
  27  2:33  Warp Gate  
  27  2:34  Probe (Chrono Boost)  
  31  2:41  Probe (Chrono Boost)  
  32  2:44  Probe (Chrono Boost)  
  32  2:48  Probe (Chrono Boost)  
  32  2:49  Shield Battery, Probe (Chrono Boost)  
  34  2:59  Probe  
  34  3:00  Gateway  
  34  3:02  Probe  
  34  3:05  Oracle (Chrono Boost)  
  36  3:11  Probe  
  40  3:14  Probe  
  40  3:15  Stalker  
  43  3:20  Pylon  
  43  3:23  Probe  
  44  3:30  Pylon  
  44  3:32  Probe  
  45  3:35  Probe  
  45  3:37  Oracle (Chrono Boost)  
  49  3:44  Probe  
  49  3:47  Probe  
  51  3:52  Assimilator  
  51  3:54  Assimilator  
  51  3:56  Probe  
  51  3:59  Probe  
  51  4:00  Pylon  
  53  4:06  Oracle (Chrono Boost)  
  53  4:08  Probe  
  57  4:11  Pylon  
  57  4:12  Probe  
  58  4:20  Probe  
  58  4:24  Probe  
  60  4:25  Adept x2  
  64  4:32  Probe  
  64  4:36  Nexus, Pylon  
  64  4:37  Probe  
  66  4:44  Probe  
  67  4:47  Forge  
  67  4:50  Twilight Council, Probe  
  68  4:56  Probe  
  69  5:02  Probe  
  64  5:09  Protoss Ground Weapons Level 1 (Chrono Boost)  
  64  5:11  Probe  
  64  5:12  Gateway x2  
  63  5:15  Gateway, Probe  
  63  5:16  Gateway  
  63  5:19  Resonating Glaives (Chrono Boost)  
  64  5:23  Probe  
  65  5:32  Gateway  
  65  5:35  Probe  
  66  5:36  Gateway, Probe  
  66  5:42  Adept  
  69  5:44  Adept, Pylon  
  71  5:51  Probe x3  
  71  5:55  Pylon  
  74  6:03  Probe x2  
  76  6:09  Adept x5  
  76  6:11  Adept  
  88  6:15  Robotics Facility  
  88  6:19  Assimilator  
  88  6:20  Assimilator  
  88  6:29  Adept  
  88  6:30  Adept  
  92  6:33  Adept  
  92  6:34  Adept x4  
  92  6:37  Adept  
  104  6:41  Shield Battery  
  104  6:42  Pylon  
  104  6:47  Probe x2  
  104  6:48  Probe  
  104  6:53  Pylon  
  107  6:54  Pylon  
  107  7:05  Warp Prism (Chrono Boost)  
  109  7:13  Pylon  
  107  7:18  Stalker x2  
  107  7:19  Stalker x4  
  115  7:27  Stalker x2  
  107  7:40  Probe x2  
  107  7:41  Observer  
  104  7:52  Stalker x8  
Tags
 
Add a new tag
Caveats
  • Supply blocks, unpowered buildings, or Contaminate may cause inaccurate times.
  • Supply counts are checked every 10 seconds.